 Dungeon Crawl Stone Soup version bcrawl-1.15.1-4-g77d781cab4 (webtiles) character file.

Game seed: 16938038367712306527

19645 Protee the Nimble (level 12, 0/85 HPs)
             Began as a Fairy Conjurer on Oct 9, 2019.
             Was a High Priest of Vehumet.
             Slain by an alligator skeleton (13 damage)
             ... in a volcano on Oct 10, 2019.
             The game lasted 00:56:00 (11483 turns).

Protee the Nimble (Fairy Conjurer)                 Turns: 11483, Time: 00:56:00

Health: 0/85       AC:  9    Str: 10    XL:     12   Next: 71%
Magic:  21/28      EV: 26    Int: 22    God:    Vehumet [*****.]
Gold:   473        SH:  7    Dex: 14    Spells: 18/31 levels left

rFire    + + .     SeeInvis .   s - +3 whip (venom)
rCold    + . .     Gourm    .   (shield restricted)
rNeg     . . .     Faith    .   (armour unavailable)
rPois    .         Spirit   .   y - +0 hat of Daan {rElec rF+ rC+ Str+3} (curse)
rElec    +         Reflect  .   l - +0 cloak
rCorr    +         Harm     .   E - +0 pair of gloves (curse)
MR       +....                  (no boots)
Stlth    +.........             L - amulet of regeneration
HPRegen  0.64/turn              h - ring of resist corrosion
MPRegen  0.21/turn              H - ring of protection from fire

@: flying evasively
A: small, magic attunement, unstealthy, unfitting armour, able to fly, AC/SH +7
a: Stop Flying, Renounce Religion


You were in a volcano.
You worshipped Vehumet.
Vehumet was extremely pleased with you.
You were not hungry.

You visited 2 branches of the dungeon, and saw 11 of its levels.
You also visited: Sewer and Volcano.

You collected 788 gold pieces.
You spent 315 gold pieces at shops.

Inventory:

Hand Weapons
 d - a +1 spear of piercing
 q - a +0 blowgun
 s - a +3 whip of venom (weapon)
 B - the +10 hunting sling "Qarghi" {venom, +Inv rElec rF+}
   (You found it on level 5 of the Dungeon)

   It poisons the ammo it fires.
   It protects you from fire.
   It insulates you from electricity.
   It lets you turn invisible.
 C - a +2 dagger of speed
Missiles
 r - 207 poisoned needles
 F - 879 stones (quivered)
Armour
 l - a +0 cloak (worn)
 y - the cursed +0 hat of Daan (worn) {rElec rF+ rC+ Str+3}
   (You bought it in a shop on level 4 of the Dungeon)

   It affects your strength (+3).
   It protects you from fire.
   It protects you from cold.
   It insulates you from electricity.
   It has a curse placed upon it.
 E - a cursed +0 pair of gloves (worn)
Magical Staves
 x - an uncursed staff of air
Jewellery
 g - an uncursed amulet of guardian spirit
 h - a ring of resist corrosion (left hand)
 z - an uncursed ring of fire
 H - a ring of protection from fire (right hand)
 L - an amulet of regeneration (around neck)
 N - an uncursed ring of ice
Wands
 f - a wand of random effects (3)
 i - a wand of polymorph (16)
 D - a wand of paralysis (1)
Scrolls
 t - 5 scrolls of remove curse
 u - 3 scrolls of fog
 v - 2 scrolls of immolation
 A - a scroll of magic mapping
 G - 4 scrolls of teleportation
 J - 2 scrolls of fear
 K - 3 scrolls of enchant armour
 O - a scroll of enchant weapon
 Q - a scroll of identify
Potions
 a - 5 potions of might
 b - 2 potions of magic
 e - 3 potions of ambrosia
 j - a potion of mutation
 k - a potion of invisibility
 m - 3 potions of curing
 n - a potion of degeneration
 o - 3 potions of lignification
 p - 5 potions of flight
 M - 3 potions of haste
 P - a potion of brilliance {unknown}
Comestibles
 c - 18 rations {!d}


   Skills:
 + Level 9.0 Fighting
 + Level 13.4 Dodging
 - Level 1.5 Stealth
 - Level 10.4 Spellcasting
 + Level 13.0 Conjurations
 - Level 3.0 Hexes
 - Level 6.0 Evocations


You had 18 spell levels left.
You knew the following spells:

 Your Spells              Type           Power        Failure   Level  Hunger
a - Magic Dart            Conj           ####         1%          1    None
b - Searing Ray           Conj           ######       1%          2    None
c - Fulminant Prism       Conj/Hex       #####.....   1%          4    None
d - Iskenderun's Mystic   Conj           ######..     1%          3    None
e - Conjure Flame         Conj/Fire      #####...     1%          3    None

Your spell library contained the following spells:

 Spells                   Type           Power        Failure   Level  Hunger
 Orb of Destruction       Conj           ######....   6%          7    None
 Irradiate                Conj/Tmut      #####.....   3%          5    None


Dungeon Overview and Level Annotations

Branches:
Dungeon (7/12)             Temple (0/1) D:7            Lair (4/6) D:7
  Swamp (0/3) Lair:4        Snake (0/3) Lair:3

Altars:
Cheibriados
Fedhas
Hepliaklqana
Kikubaaqudgha
Makhleb
Okawaru
Vehumet
Xom
Zin

Shops:
D:4 *


Innate Abilities, Weirdness & Mutations

Your spells do not cause hunger and MP costs are reduced by 1.
Your bright wings attract enemies. (Stealth-)
You cannot fit into any form of body armour.
Your shimmering scales are hard and can block incoming attacks. (AC +7, SH +7)
You are small and have problems with some larger weapons.
You can fly continuously.


Message History

You hit the alligator skeleton.
The alligator skeleton is lightly damaged.
The alligator skeleton is engulfed in blazing flames.
The alligator skeleton bites you! The alligator skeleton misses you.
Casting: Searing Ray (safe; 1% risk of failure)
Confirm with . or Enter, or press ? or * to list all spells.
Aiming: Searing Ray (safe; 1% risk of failure)
Press: ? - help, Shift-Dir - straight line, f - alligator skeleton
Aim: an alligator skeleton (heavily damaged)
The searing ray hits the alligator skeleton.
The alligator skeleton is heavily damaged. (Press . to maintain the ray.)
The alligator skeleton bites you!
* * * LOW HITPOINT WARNING * * *
The alligator skeleton tail-slaps you.
* * * LOW HITPOINT WARNING * * *
The searing ray hits the alligator skeleton.
The alligator skeleton is heavily damaged.
The alligator skeleton bites you!
You die...

####. #.... #### ###....
#... ###...... ###.∩.##
###......§≈ ##......##
#####......≈≈.≈ ........
##.#..§...≈≈≈≈§§
#.#..#.###.≈...§≈§§§≈≈≈≈≈
#......Z@......≈§§§≈≈≈≈≈§
#.#..#.###.≈....§§§≈≈≈≈≈§
........ ##.#.§≈§≈≈≈≈≈≈§§
##......##
###≈≈≈§≈≈≈≈≈≈§≈ ##.##.##
##≈≈§≈≈§≈≈≈≈≈ # #.
##§§§≈≈≈≈≈≈≈ #.
##§≈≈≈≈≈≈≈8 #. ###§≈≈≈§≈≈
##§≈≈≈≈≈


You could see an alligator skeleton.

Vanquished Creatures
  Fannar (Lair:2)
  A two-headed ogre (D:5)
  A skeletal warrior (Volcano)
  3 anaconda skeletons (Volcano)
  Pikel (D:4)
  2 black mambas (Lair:1)
  2 cane toads
  3 gargoyles (Volcano)
  A rime drake (Lair:1)
  3 komodo dragons
  A troll (D:7)
  3 blink frogs (Lair:2)
  A polar bear (Lair:4)
  A harpy skeleton (Volcano)
  5 hippogriffs
  3 flying skulls (Volcano)
  Sigmund (D:2)
  6 basilisks
  14 yaks
  3 hungry ghosts (D:6)
  A steam dragon (D:5)
  Edmund (D:6)
  3 nagas (Lair:3)
  4 water moccasins
  11 porcupines
  Purgy (Sewer)
  An orc warrior (D:7)
  A hornet zombie (D:7)
  2 phantoms (D:5)
  2 black bears
  3 sky beasts
  4 ogres
  5 wolves
  3 centaurs (D:7)
  4 bullfrogs
  8 crocodiles
  2 scorpions
  A spriggan skeleton (Volcano)
  5 wights (D:7)
  2 electric eels (Lair:2)
  5 howler monkeys
  3 vampire bats (D:5)
  4 crimson imps
  A quasit (D:5)
  4 hounds
  A bullfrog skeleton (D:3)
  3 jellies
  Crazy Yiuf (D:2)
  A gnoll shaman (D:7)
  5 orc priests
  2 centaur skeletons
  3 orc wizards
  An iron imp (D:7)
  5 iguanas
  5 worker ants
  A naga skeleton (Volcano)
  3 hound skeletons
  2 worker ant zombies
  7 adders
  7 gnolls
  An ooze (D:2)
  2 adder skeletons (D:6)
  2 adder zombies (D:5)
  4 dart slugs
  3 worms
  4 leopard geckos
  26 orcs
  A ball python (Sewer)
  2 bat skeletons (D:5)
  2 bat zombies (D:5)
  4 giant cockroaches
  9 goblins
  13 hobgoblins
  20 jackals
  7 kobolds
  3 quokkas
  2 bats
  9 frilled lizards
  A leopard gecko zombie (D:6)
  9 rats
308 creatures vanquished.

Vanquished Creatures (others)
  3 slaves (D:5)
  An ogre (D:5)
  2 jackals (D:5)
  A quokka (D:5)
  A rat (D:3)
  46 fulminant prisms
  7 fungi (D:7)
  3 plants (D:7)
64 creatures vanquished.

Grand Total: 372 creatures vanquished

Notes
Turn   | Place    | Note
-------+----------+-------------------------------------------
     0 | D:1      | Protee the Fairy Conjurer began the quest for the Orb.
     0 | D:1      | Reached XP level 1. HP: 11/11 MP: 6/6
    53 | D:1      | Reached skill level 5 in Conjurations
   114 | D:1      | Reached XP level 2. HP: 17/17 MP: 7/7
   183 | D:1      | Learned a level 2 spell: Searing Ray
   390 | D:1      | Reached XP level 3. HP: 21/21 MP: 9/9
   943 | D:2      | Reached XP level 4. HP: 16/27 MP: 8/11
  1189 | D:2      | Noticed Sigmund
  1196 | D:2      | Killed Sigmund
  1196 | D:2      | Reached skill level 5 in Dodging
  1196 | D:2      | Reached XP level 5. HP: 31/31 MP: 5/14
  1196 | D:2      | Reached XP level 6. HP: 36/36 MP: 5/15
  1461 | D:2      | Learned a level 4 spell: Fulminant Prism
  1465 | D:2      | Learned a level 3 spell: Iskenderun's Mystic Blast
  1552 | D:2      | Found a runed door.
  1556 | D:2      | Noticed Crazy Yiuf
  1560 | D:2      | Killed Crazy Yiuf
  1929 | D:3      | Reached skill level 5 in Spellcasting
  2242 | D:3      | Found a radiant altar of Vehumet.
  2253 | D:3      | Became a worshipper of Vehumet
  2420 | D:3      | Found a blossoming altar of Fedhas.
  2891 | D:3      | Reached XP level 7. HP: 42/42 MP: 9/17
  3087 | D:3      | Reached skill level 1 in Hexes
  3089 | D:3      | Reached * piety under Vehumet
  3089 | D:3      | Offered knowledge of Freeze by Vehumet.
  3282 | D:3      | Reached skill level 1 in Fighting
  3774 | D:4      | Found a burning altar of Makhleb.
  3774 | D:4      | Found a shimmering altar of Xom.
  3803 | D:4      | Found Qukh's Assorted Antiques.
  3808 | D:4      | Bought a thick smoking staff for 180 gold pieces
  3808 | D:4      | Bought a warped hat for 135 gold pieces
  3820 | D:4      | Identified the cursed +0 hat of Daan {rElec rF+ rC+ Str+3}
                  | (You bought it in a shop on level 4 of the Dungeon)
  3926 | D:5      | Entered Level 5 of the Dungeon
  3926 | D:5      | Noticed Pikel
  3950 | D:4      | Killed Pikel
  3950 | D:4      | Reached XP level 8. HP: 28/51 MP: 9/19
  4411 | D:5      | Reached XP level 9. HP: 49/57 MP: 17/21
  4688 | D:5      | Offered knowledge of Sandblast by Vehumet.
  4768 | D:5      | Found a shimmering altar of Xom.
  4772 | D:5      | Reached ** piety under Vehumet
  5019 | D:5      | Found an iron altar of Okawaru.
  5021 | D:5      | Got a scorched hunting sling
  5031 | D:5      | Identified the +10 hunting sling "Qarghi" {venom, +Inv
                  | rElec rF+} (You found it on level 5 of the Dungeon)
  5176 | D:5      | Noticed a two-headed ogre
  5549 | D:5      | Found an ancient bone altar of Kikubaaqudgha.
  5688 | D:5      | Killed a two-headed ogre
  5783 | D:6      | Reached skill level 5 in Fighting
  5895 | D:6      | Found a glowing silver altar of Zin.
  5926 | D:6      | Offered knowledge of Throw Frost by Vehumet.
  5926 | D:6      | Reached XP level 10. HP: 52/66 MP: 3/24
  6049 | D:6      | Found a glowing drain.
  6059 | Sewer    | Entered a sewer
  6130 | Sewer    | Noticed Purgy
  6183 | Sewer    | Killed Purgy
  6339 | D:6      | Noticed Edmund
  6366 | D:6      | Killed Edmund
  6494 | D:6      | Reached *** piety under Vehumet
  6509 | D:6      | Reached skill level 10 in Conjurations
  6844 | D:6      | Reached skill level 10 in Dodging
  6941 | D:6      | Found a hazy altar of Hepliaklqana.
  7407 | D:7      | Offered knowledge of Ignite Poison by Vehumet.
  7599 | D:7      | Reached skill level 10 in Spellcasting
  7750 | D:7      | Found a snail-covered altar of Cheibriados.
  7784 | D:7      | Reached XP level 11. HP: 74/74 MP: 24/27
  7836 | D:7      | Reached **** piety under Vehumet
  7853 | D:7      | Offered knowledge of Conjure Flame by Vehumet.
  7858 | D:7      | Learned a level 3 spell: Conjure Flame
  7950 | D:7      | Found a staircase to the Ecumenical Temple.
  7954 | D:7      | Found a staircase to the Lair.
  8291 | Lair:1   | Entered Level 1 of the Lair of Beasts
  8380 | Lair:1   | Reached skill level 1 in Evocations
  9797 | Lair:2   | Noticed Fannar
  9808 | Lair:2   | Killed Fannar
  9808 | Lair:2   | Reached XP level 12. HP: 56/82 MP: 17/28
 10262 | Lair:3   | Found a staircase to the Snake Pit.
 10292 | Lair:3   | Reached skill level 5 in Evocations
 11249 | Lair:4   | Found a dark tunnel.
 11258 | Volcano  | Entered a volcano
 11312 | Volcano  | Reached ***** piety under Vehumet
 11390 | Volcano  | Offered knowledge of Orb of Destruction by Vehumet.
 11483 | Volcano  | Slain by an alligator skeleton

Skill      XL: |  1  2  3  4  5  6  7  8  9 10 11 12 |
---------------+-------------------------------------+-----
Conjurations   | 5 6 7 8 9 10 12 13 | 13.0
Dodging        | 3 5 7 9 10 12 13 | 13.4
Spellcasting   | 3 4 5 6 7 8 10 | 10.4
Hexes          | 2 3 |  3.0
Fighting       | 2 3 5 6 8 9 |  9.0
Evocations     | 4 6 |  6.0
Stealth        | |  1.5

Action                   |  1- 3 |  4- 6 |  7- 9 | 10-12 || total
-------------------------+-------+-------+-------+-------++-------
Melee: Whip              |       |       |    14 |    13 ||    27
 Cast: Magic Dart        |    56 |    49 |   121 |   139 ||   365
       Searing Ray       |     6 |    19 |    46 |   127 ||   198
       Fulminant Prism   |       |       |     3 |    43 ||    46
       Iskenderun's Myst |       |       |       |     2 ||     2
       Conjure Flame     |       |       |       |     1 ||     1
 Abil: Fly               |     1 |       |       |       ||     1
       Stop Flying       |     1 |       |       |       ||     1
Evoke: Wand              |       |       |     6 |       ||     6
  Use: Scroll            |     3 |       |     7 |    13 ||    23
       Potion            |       |       |     1 |     5 ||     6
  Eat: Chunk             |       |     3 |     6 |    13 ||    22
       Ration            |       |     1 |     1 |     1 ||     3
Armor: Skin              |     6 |     7 |    15 |    29 ||    57
Dodge: Dodged            |     9 |     8 |   106 |   272 ||   395
Block: Other             |     1 |     3 |    39 |    97 ||   140
